 Dungeon Sprint DCSS version 0.17-a0-802-g1f09329 (webtiles) character file.

1100000 namelastname112 the Grand Master (level 15, -23/153 HPs)
             Began as a Demonspawn Monk on Apr 26, 2015.
             Was an Elder of Makhleb.
             Annihilated by a meat berserker
             ... wielding a +9 battleaxe
              (24 damage)
             ... in the Dungeon (Sprint VIII: "Arena of Blood").
             The game lasted 00:00:33 (11 turns).

namelastname112 the Grand Master (Demonspawn Monk)    Turns: 11, Time: 00:00:34

Health: -23/153    AC:  4    Str: 17    XL:     15   Next: 59%
Magic:  15/15      EV: 31    Int: 12    God:    Makhleb [****..]
Gold:   0          SH:  0    Dex: 21    Spells: 0 memorised, 14 levels left

rFire  . . .     SeeInvis .     i - +∞ Axe of Woe
rCold  . . .     Clarity  .     a - +0 robe
rNeg   . . .     SustAb   .     (no shield)
rPois  .         Gourm    .     (no helmet)
rElec  .         Spirit   .     (no cloak)
rCorr  .         Warding  .     (no gloves)
rMut   .         NoTele   +     (no boots)
MR     +....                    (no amulet)
Stlth  +++++.....               (no ring)
                                (no ring)

@: mighty, somewhat resistant to hostile enchantments, quite stealthy
A: claws 2, rugged brown scales 2, foul stench 1, powered by pain 1, rot
immunity
a: Minor Destruction, Lesser Servant of Makhleb, Major Destruction, Renounce
Religion


You were in the Dungeon.
You worshipped Makhleb.
Makhleb was greatly pleased with you.
You were not hungry.

You visited 1 branch

Inventory:

Hand weapons
 i - the +∞ Axe of Woe (weapon)
   (You found it in the Dungeon)
Armour
 a - a +0 robe (worn)
Scrolls
 h - a scroll of blinking
Potions
 c - a potion of curing
 d - a potion of heal wounds
 e - a potion of haste
 f - 2 potions of magic
 g - a potion of berserk rage
Comestibles
 b - a bread ration


   Skills:
 + Level 21.7 Fighting
 + Level 2.2 Axes
 + Level 20.0 Dodging
 + Level 9.3 Stealth
 O Level 27 Unarmed Combat


You had 14 spell levels left.
You didn't know any spells.

Dungeon Overview and Level Annotations

Branches:
Dungeon (1/1)

Altars:
Makhleb


Innate Abilities, Weirdness & Mutations

You have very sharp fingernails.
You are mostly covered in rugged brown scales (AC +2, +5% HP).
You may emit foul miasma when damaged in melee.
You sometimes gain a little power by taking damage.
You are immune to rotting.


Message History

You feel a little better.
Your Fighting skill increases to level 21!
Your Axes skill increases to level 2!
Your Dodging skill gained 2 levels and is now at level 20!
Your Stealth skill increases to level 9!
You have mastered Unarmed Combat!
You hear a shout! x6
The meat berserker hits you with a +9 battleaxe!!!!
Ouch! That really hurt!
* * * LOW HITPOINT WARNING * * *
You focus on the pain.
You feel very mighty all of a sudden.
You hear a shout!
The bag of meat closely misses you.
You hear a shout! x3
The bag of meat hits you with a +9 war axe!!
* * * LOW HITPOINT WARNING * * *
You hear a shout!
The meat berserker hits you with a +9 battleaxe!!
You die...

..o ........
........ .....o...
#.......# #..
....# .. .###..
...###...
......###........o
......_o@O....o.o
...#...oO#.......
. #_.<._# .....
.....#.).).#......
........_)........
.......###.......
.###.. ...###..
#.. ...# #. ...#


You could see 2 meat berserkers and 7 bags of meat.

Vanquished Creatures
  2 ogres (D)
  3 orcs (D)
5 creatures vanquished.

Notes
Turn   | Place    | Note
--------------------------------------------------------------
     0 | D        | namelastname112, the Demonspawn Monk, began the quest for the Orb.
     0 | D        | Reached XP level 1. HP: 18/18 MP: 1/1
     3 | D        | Noticed a bag of meat
     3 | D        | Noticed a meat berserker
     3 | D        | Noticed a meat berserker
     4 | D        | Became a worshipper of Makhleb the Destroyer
     4 | D        | Acquired Makhleb's first power
     4 | D        | Acquired Makhleb's second power
     4 | D        | Noticed a bag of meat
     5 | D        | Noticed a bag of meat
     5 | D        | Noticed a bag of meat
     6 | D        | Killed a meat berserker
     6 | D        | Reached skill level 15 in Fighting
     6 | D        | Reached skill level 21 in Unarmed Combat
     6 | D        | Gained mutation: You are immune to rotting. [demonic ancestry]
     6 | D        | Reached XP level 2. HP: 21/45 MP: 2/2
     6 | D        | Gained mutation: You sometimes gain a little power by taking damage. [demonic ancestry]
     6 | D        | Reached XP level 3. HP: 23/51 MP: 3/3
     6 | D        | Reached XP level 4. HP: 26/58 MP: 4/4
     6 | D        | Gained mutation: You are partially covered in rugged brown scales (AC +1, +3% HP). [demonic ancestry]
     6 | D        | Reached XP level 5. HP: 26/65 MP: 5/5
     6 | D        | Gained mutation: You are mostly covered in rugged brown scales (AC +2, +5% HP). [demonic ancestry]
     6 | D        | Reached XP level 6. HP: 26/74 MP: 6/6
     6 | D        | Reached XP level 7. HP: 28/80 MP: 7/7
     6 | D        | Reached XP level 8. HP: 30/88 MP: 8/8
     6 | D        | Gained mutation: You may emit foul miasma when damaged in melee. [demonic ancestry]
     6 | D        | Reached XP level 9. HP: 32/95 MP: 9/9
     6 | D        | Gained mutation: You have sharp fingernails. [demonic ancestry]
     6 | D        | Reached XP level 10. HP: 34/102 MP: 10/10
     6 | D        | Gained mutation: You have very sharp fingernails. [demonic ancestry]
     6 | D        | Reached XP level 11. HP: 36/109 MP: 11/11
     6 | D        | Reached XP level 12. HP: 38/116 MP: 12/12
     6 | D        | Reached XP level 13. HP: 39/122 MP: 13/13
     6 | D        | Killed a bag of meat
     6 | D        | Reached skill level 15 in Dodging
     6 | D        | Reached skill level 23 in Unarmed Combat
     7 | D        | Noticed a bag of meat
     7 | D        | Noticed a meat berserker
     7 | D        | Killed a meat berserker
     7 | D        | Acquired Makhleb's third power
     7 | D        | Reached skill level 25 in Unarmed Combat
     7 | D        | Reached XP level 14. HP: 27/139 MP: 14/14
     7 | D        | Killed a bag of meat
     7 | D        | Reached skill level 1 in Axes
     7 | D        | Reached skill level 26 in Unarmed Combat
     7 | D        | Reached XP level 15. HP: 82/148 MP: 15/15
     8 | D        | Noticed a bag of meat
    11 | D        | Noticed a bag of meat
    11 | D        | Noticed a meat berserker
    11 | D        | Killed a bag of meat
    11 | D        | Acquired Makhleb's fourth power
    11 | D        | Reached skill level 27 in Unarmed Combat
    11 | D        | HP: 1/153 [bag of meat/+9 war axe (28)]
    11 | D        | Annihilated by a meat berserker

Action                   |  1- 3 |  4- 6 |  7- 9 | 10-12 | 13-15 || total
-------------------------+-------+-------+-------+-------+-------++-------
Melee: Executioner's axe |     1 |       |       |       |     2 ||     3
